 Dungeon Crawl Stone Soup version 0.30.1-9-gdf580d7c3d (webtiles) character file.

Game seed: 1871588704351662940

1705525 LordWeiramon the Wrestler (level 26, 242/242 HPs)
             Began as a Demonspawn Artificer on Oct 8, 2023.
             Was a High Priest of Ashenzari.
             Escaped with the Orb
             ... and 3 runes on Oct 9, 2023!
             The game lasted 04:55:24 (66834 turns).

LordWeiramon the Wrestler (Demonspawn Artificer)   Turns: 66834, Time: 04:55:25

Health: 242/242    AC: 40    Str: 26    XL:     26   Next: 56%
Magic:  32/32      EV: 29    Int: 18    God:    Ashenzari [*****.]
Gold:   2443       SH: 25    Dex: 26    Spells: 21/28 levels left

rFire   + +          .
                       - Unarmed
rCold   + + .        j - +1 kite shield "Share My Urgency" {rC+ Int+2, Cun, Self} (curse)
rNeg    + . .        T - +8 fire dragon scales "I Foresaw This" {rF++ rC-, Cun, Fort} (curse)
rPois   +            y - +2 helmet of the Prophetic Yoke {rC+ MP+9, Cun, Range} (curse)
rElec   .            a - +2 cloak of Apeoromancy {Will+, Fort, Range} (curse)
rCorr   +            (gloves unavailable)
SInv    +            U - +2 pair of boots of the Revealing Malaise {Cun, Melee} (curse)
Will    ++...        n - amulet of Desmomancy {Reflect rPois SH+5, Bglg, Melee} (curse)
Stlth   +            h - ring of Ashenzari's Prison {rCorr Str+6 Dex+5 Stlth+, Fort, Alch} (curse)
HPRegen 0.60/turn    u - ring of Ashenzari's Hedonism {rN+ Dex+6, Bglg, Cun} (curse)
MPRegen 0.23/turn

%: reflection, clarity
@: studying Maces & Flails
A: claws 3, icy blue scales 3, demonic guardian 2, foul stench 3, black mark,
bedeviling, aura of silence, low MP 1, poison resistance, wild magic 1
0: Orb of Zot
}: 3/15 runes: decaying, serpentine, silver
a: Renounce Religion, Curse Item, Shatter the Chains


You escaped.
You worshipped Ashenzari.
Ashenzari was extremely pleased with you.
You visited 10 branches of the dungeon, and saw 48 of its levels.
You visited 1 bazaar.
You also visited: Trove, Gauntlet and Ice Cave.

You collected 7318 gold pieces.
You spent 4875 gold pieces at shops.

Inventory:

Missiles
 e - 12 silver javelins
 g - 4 throwing nets (quivered)
 F - 20 curare-tipped darts
Armour
 a - the cursed +2 cloak of Apeoromancy (worn) {Will+, Fort, Range}
   (You found it in a Gauntlet)

   It has a curse which improves the following skills: Fortitude: Armour and
   Shields.
   Ranged Combat: Ranged Weapons and Throwing.
 j - the cursed +1 kite shield "Share My Urgency" (worn) {rC+ Int+2, Cun, Self}
   (You found it in a treasure trove)

   Int:       It affects your intelligence (+2).
   rC:        It protects you from cold.
   It has a curse which improves the following skills: Cunning: Dodging and
   Stealth.
   Introspection: Fighting and Spellcasting.
 y - the cursed +2 helmet of the Prophetic Yoke (worn) {rC+ MP+9, Cun, Range}
   (You found it on level 3 of the Swamp)

   rC:        It protects you from cold.
   MP:        It affects your magic capacity (+9).
   It has a curse which improves the following skills: Cunning: Dodging and
   Stealth.
   Ranged Combat: Ranged Weapons and Throwing.
 T - the cursed +8 fire dragon scales "I Foresaw This" (worn) {rF++ rC-, Cun, Fort}
   (You found it in a Gauntlet)

   rF:        It greatly protects you from fire.
   rC:        It makes you vulnerable to cold.
   It has a curse which improves the following skills: Cunning: Dodging and
   Stealth.
   Fortitude: Armour and Shields.
 U - the cursed +2 pair of boots of the Revealing Malaise (worn) {Cun, Melee}
   (You found it on level 2 of the Depths)

   It has a curse which improves the following skills: Cunning: Dodging and
   Stealth.
   Melee Combat: Short Blades, Long Blades, Axes, Maces & Flails, Polearms,
   Staves and Unarmed Combat.
Jewellery
 h - the cursed ring of Ashenzari's Prison (left claw) {rCorr Str+6 Dex+5 Stlth+, Fort, Alch}
   (You bought it in a shop on level 1 of the Snake Pit)

   [ring of resist corrosion]

   Str:       It affects your strength (+6).
   Dex:       It affects your dexterity (+5).
   rCorr:     It protects you from acid and corrosion.
   Stlth:     It makes you more stealthy.
   It has a curse which improves the following skills: Fortitude: Armour and
   Shields.
   Alchemy:   Poison Magic and Transmutations.
 n - the cursed amulet of Desmomancy (around neck) {Reflect rPois SH+5, Bglg, Melee}
   (You found it on level 2 of the Dungeon)

   [amulet of reflection]

   It reflects blocked missile attacks.
   rPois:     It protects you from poison.
   SH:        It affects your SH (+5).
   It has a curse which improves the following skills: Beguiling: Conjurations,
   Hexes and Translocations.
   Melee Combat: Short Blades, Long Blades, Axes, Maces & Flails, Polearms,
   Staves and Unarmed Combat.
 u - the cursed ring of Ashenzari's Hedonism (right claw) {rN+ Dex+6, Bglg, Cun}
   (You found it on level 3 of the Swamp)

   [ring of dexterity]

   Dex:       It affects your dexterity (+6).
   rN:        It protects you from negative energy.
   It has a curse which improves the following skills: Beguiling: Conjurations,
   Hexes and Translocations.
   Cunning:   Dodging and Stealth.
 D - a ring of protection from cold
 W - the ring of Daypuij {Fire Will++ Int+2}
   (You found it on level 3 of the Depths)

   [ring of fire]

   It enhances your fire magic.
   Int:       It affects your intelligence (+2).
   rF:        It protects you from fire.
   rC:        It makes you vulnerable to cold.
   Will:      It greatly increases your willpower.
Wands
 b - a wand of digging (11)
 c - a wand of flame (74)
 d - a wand of charming (2)
 t - a wand of iceblast (46)
 v - a wand of quicksilver (30)
 w - a wand of mindburst (17)
 N - a wand of paralysis (43)
 S - a wand of polymorph (17)
Scrolls
 l - 5 scrolls of enchant armour
 p - 2 scrolls of brand weapon
 r - 7 scrolls of vulnerability
 s - 7 scrolls of poison
 x - 7 scrolls of magic mapping
 z - 28 scrolls of teleportation
 B - 6 scrolls of fear
 E - 7 scrolls of butterflies
 H - 3 scrolls of silence
 K - 7 scrolls of fog
 O - 6 scrolls of blinking
Potions
 f - 7 potions of might
 i - 7 potions of berserk rage
 m - 4 potions of invisibility
 q - 20 potions of curing
 C - 5 potions of attraction
 I - 7 potions of ambrosia
 J - 6 potions of haste
 L - 3 potions of flight
 M - 9 potions of heal wounds
 P - 7 potions of cancellation
 Q - 5 potions of magic
 R - 7 potions of mutation
Miscellaneous
 k - a box of beasts
 o - a phial of floods
 A - a phantom mirror
 G - a condenser vane
 V - a lightning rod (4/4)


   Skills:
 - Level 25.2(27) Fighting
 - Level 1.3(3.3) Polearms
 - Level 3.2(5.9) Throwing
 - Level 20.0(23.8) Armour
 + Level 16.4(22.1) Dodging
 - Level 0.8(3.5) Stealth
 - Level 18.5(22.4) Shields
 - Level 25.2(27) Unarmed Combat
 - Level 0.7(1.8) Spellcasting
 - Level 0.8(2.4) Hexes
 - Level 9.0 Evocations


You had 21 spell levels left.
You knew the following spells:

 Your Spells              Type           Power      Damage    Failure   Level
a - Enfeeble              Hex            10%        N/A       100%        7

Your spell library contained the following spells:

 Spells                   Type           Power      Damage    Failure   Level
 Slow                     Hex            80%        N/A       19%         1
 Apportation              Tloc           8%         N/A       36%         1
 Beastly Appendage        Tmut           6%         N/A       38%         1
 Kiss of Death            Conj/Necr      12%        2d6       41%         1
 Ensorcelled Hibernation  Hex/Ice        22%        N/A       41%         2
 Freeze                   Ice            8%         1d3       43%         1
 Necrotise                Necr           8%         1d4       43%         1
 Sandblast                Erth           4%         2d4       43%         1
 Summon Small Mammal      Summ           8%         N/A       43%         1
 Confusing Touch          Hex            20%        N/A       45%         3
 Blink                    Tloc           8%         N/A       50%         2
 Lesser Beckoning         Tloc           8%         N/A       50%         2
 Momentum Strike          Conj/Tloc      8%         3d8       50%         2
 Searing Ray              Conj           8%         2d4       50%         2
 Passwall                 Tmut/Erth      1%         N/A       52%         2
 Static Discharge         Conj/Air       6%         2-3/arc   52%         2
 Wereblood                Tmut           3%         N/A       52%         2
 Sublimation of Blood     Necr           2%         N/A       54%         2
 Dazzling Flash           Conj/Hex       26%        N/A       58%         3
 Portal Projectile        Hex/Tloc       26%        N/A       58%         3
 Gell's Gravitas          Tloc           4%         N/A       73%         3
 Teleport Other           Tloc           4%         N/A       73%         3
 Hailstorm                Conj/Ice       3%         3d3       75%         3
 Ignite Poison            Fire/Tmut/Pois 2%         N/A       75%         3
 Spider Form              Tmut/Pois      3%         N/A       75%         3
 Stone Arrow              Conj/Erth      6%         3d7       75%         3
 Vhi's Electric Charge    Tloc/Air       6%         N/A       75%         3
 Volatile Blastmotes      Fire/Tloc      6%         2d10      75%         3
 Call Canine Familiar     Summ           2%         N/A       78%         3
 Frozen Ramparts          Ice            4%         1d1       78%         3
 Ozocubu's Armour         Ice            2%         N/A       78%         3
 Vampiric Draining        Necr           2%         2d6       78%         3
 Cause Fear               Hex            10%        N/A       83%         4
 Fulminant Prism          Conj/Hex       6%         3d7       92%         4
 Anguish                  Hex/Necr       5%         N/A       95%         4
 Leda's Liquefaction      Hex/Erth       5%         N/A       95%         4
 Ice Form                 Ice/Tmut       2%         N/A       98%         4
 Iskenderun's Mystic Bla  Conj/Tloc      4%         2d3       98%         4
 Manifold Assault         Tloc           4%         N/A       98%         4
 Olgreb's Toxic Radiance  Pois           3%         N/A       98%         4
 Passage of Golubria      Tloc           4%         N/A       98%         4
 Petrify                  Tmut/Erth      2%         N/A       98%         4
 Airstrike                Air            1%         2d(1-17)  99%         4
 Animate Armour           Summ/Erth      4%         N/A       99%         4
 Dispel Undead            Necr           2%         3d7       99%         4
 Summon Ice Beast         Ice/Summ       2%         N/A       99%         4
 Summon Lightning Spire   Summ/Air       2%         N/A       99%         4
 Agony                    Necr           2%         N/A       100%        5
 Alistair's Intoxication  Tmut/Pois      2%         N/A       100%        5
 Arcjolt                  Conj/Air       1%         1d11      100%        5
 Blade Hands              Tmut           1%         N/A       100%        5
 Irradiate                Conj/Tmut      1%         3d12      100%        5
 Lee's Rapid Deconstruct  Erth           1%         3d4*      100%        5
 Metabolic Englaciation   Hex/Ice        5%         N/A       100%        5
 Summon Forest            Summ/Tloc      1%         N/A       100%        5
 Dispersal                Tloc           2%         N/A       100%        6
 Eringya's Noxious Bog    Tmut/Pois      1%         N/A       100%        6
 Iron Shot                Conj/Erth      1%         9d1       100%        6
 Plasma Beam              Fire/Air       1%         2x1d12    100%        6
 Simulacrum               Ice/Necr       1%         N/A       100%        6
 Statue Form              Tmut/Erth      1%         N/A       100%        6
 Dragon Form              Tmut           1%         N/A       100%        7
 Storm Form               Tmut/Air       1%         N/A       100%        7
 Summon Hydra             Summ           1%         N/A       100%        7
 Discord                  Hex            10%        N/A       100%        8
 Disjunction              Tloc           2%         N/A       100%        8
 Infestation              Necr           1%         N/A       100%        8
 Lehudib's Crystal Spear  Conj/Erth      1%         10d2      100%        8
 Maxwell's Capacitive Co  Air            1%         ∞         100%        8
 Necromutation            Tmut/Necr      1%         N/A       100%        8
 Chain Lightning          Conj/Air       1%         3d2       100%        9
 Fire Storm               Conj/Fire      1%         8d1       100%        9
 Polar Vortex             Ice            1%         N/A       100%        9
 Shatter                  Erth           1%         3d5*      100%        9


Dungeon Overview and Level Annotations

Branches:
Dungeon (15/15)            Temple (1/1) D:7            Lair (5/5) D:10
  Swamp (4/4) Lair:3        Snake (4/4) Lair:2        Slime (0/5) Lair:5
    Orc (2/2) D:11            Elf (3/3) Orc:2        Vaults (5/5) D:13
  Crypt (0/3) Vaults:3     Depths (4/4) D:15            Zot (5/5) Depths:4
  IceCv (visited)         Gauntlet (visited)

Altars:
Ashenzari
Cheibriados
Dithmenos
Fedhas
Gozag
Hepliaklqana
Kikubaaqudgha
Makhleb
Nemelex Xobeh
Okawaru
Qazlal
Ru
Sif Muna
Trog
Uskayaw
Vehumet
Wu Jian
Xom
Yredelemnul
Jiyva

Shops:
D:4 *   Orc:2 =**:   Elf:1 *   Snake:1 :==   Vaults:1 (   Vaults:2 (   Zot:4 *
Depths:1 !?

Portals:
Hell: Lair:5 Depths:1 Depths:2 Depths:3 Depths:4
Abyss: Depths:1 Depths:3
Pandemonium: Depths:2
Ziggurat: Depths:1

Annotations:
Zot:1 2 transporters, Atisk's ghost, master MfBe


Innate Abilities, Weirdness & Mutations

You have claws for hands.
You are completely covered in icy blue scales. (AC +4, rC+)
A demonic guardian rushes to your aid.
You frequently emit foul miasma when damaged in melee.
Your melee attacks may debilitate your foes.
Your hexes are more powerful.
You are surrounded by an aura of silence.
Your magical capacity is low. (-10% MP)
Your system is resistant to poisons. (rPois)
Your spells are a little harder to cast, but a little more powerful.


Message History

a +0 robe; a +0 flail
There is a stone staircase leading up here.
You climb upwards.
There is a stone staircase leading down here.
There is a stone staircase leading up here.
You climb upwards.
There is a stone staircase leading down here.
There is a stone staircase leading up here.
You climb upwards.
There is a stone staircase leading down here.
There is a stone staircase leading up here.
You climb upwards.
There is a stone staircase leading down here.
Things that are here:
a stone; a +5 whip A shadow demon comes into view.
(D) Dungeon (T) Temple (L) Lair (S) Swamp (P) Snake Pit (M) Slime Pits (O) Orcish Mines (E) Elven Halls (V) Vaults (C) Crypt (U) Depths (H) Hell (Z) Zot
Where to? (Enter - D:1 @ (x,y), ? - help)
A shadow demon is nearby!
The shadow demon completely misses you.
You eviscerate the shadow demon!!!
The shadow demon is almost dead.
You eviscerate the shadow demon!!!
You kill the shadow demon!
No target in view!
(D) Dungeon (T) Temple (L) Lair (S) Swamp (P) Snake Pit (M) Slime Pits (O) Orcish Mines (E) Elven Halls (V) Vaults (C) Crypt (U) Depths (H) Hell (Z) Zot
Where to? (Enter - D:1 @ (x,y), ? - help)
There is an open door here.
There is a stone staircase leading up here.
You climb upwards.
There is a stone staircase leading down here.
You see here 7 stones.
There is a staircase leading out of the dungeon here.
You have escaped!

#).....(## #...# #
#..###### #...# #
#..###### #...# #
#.......#####...# #
##.......##.)...######
######..##.#...##....
###..#..##.###.#.....
##.......##.# #.######
#....@..###.# #.......
#..#..### #.########..
#..###### #...........
#.......####.#######..
##.......# #.# #..
######..# #.# #..
######..# #.# ###
##.......# #.#
#.......## #.#


There were no monsters in sight!

Vanquished Creatures
  Tiamat (Zot:1)
  2 dread liches
  2 ancient liches
  11 orbs of fire
  Vv (Depths:2)
  7 Killer Klowns
  A shard shrike (Zot:2)
  5 curse toes
  Saint Roka (Vaults:1)
  Nikola (Vaults:1)
  7 golden dragons
  3 doom hounds (Zot:1)
  7 electric golems
  A hellephant (Zot:2)
  16 tentacled monstrosities
  27 Orb Guardians
  2 liches
  19 titans
  8 quicksilver dragons
  Grunn (Zot:1)
  4 deep elf blademasters
  An Ice Fiend (Zot:5)
  Asterion (Depths:2)
  3 deep elf master archers (Elf:3)
  8 death cobs
  4 sphinxes
  A thorn hunter (Swamp:4)
  19 storm dragons
  9 tengu reavers
  6 shadow dragons
  2 fenstrider witches
  Donald (Vaults:1)
  Roxanne (Swamp:3)
  8 draconian monks
  Aizul (Depths:2)
  4 draconian knights
  6 fire giants
  10 draconian scorchers
  4 nagarajas (Snake:4)
  8 frost giants
  5 ghost moths
  5 iron dragons
  9 deep elf sorcerers
  4 draconian stormcallers
  22 vault wardens
  Louise (Swamp:4)
  7 draconian shifters
  4 deep elf elementalists (Elf:3)
  An orc warlord (Orc:1)
  45 very ugly things
  21 ironbound preservers
  5 draconian annihilators
  2 ghouls (Swamp:3)
  A war gargoyle (Vaults:4)
  A spriggan defender (Depths:3)
  3 eleionomae
  6 ironbound thunderhulks
  9 green draconians
  11 stone giants
  4 deep elf demonologists
  9 black draconians
  A lorocyproca (D:11)
  A putrid mouth (Zot:1)
  7 bunyips
  5 dire elephants (Vaults:2)
  A minotaur (Gauntlet)
  5 deep elf annihilators
  13 purple draconians
  13 red draconians
  7 white draconians
  9 yellow draconians
  8 deep elf death magi
  3 ettins
  An entropy weaver (Vaults:3)
  A shambling mangrove (Swamp:4)
  A fire dragon (shapeshifter) (Vaults:3)
  12 fire dragons
  A merfolk impaler (Depths:3)
  2 jiangshi (Depths:3)
  11 crystal guardians (Depths:2)
  10 deep elf high priests
  Josephine (Orc:1)
  22 hydras
  18 yaktaur captains
  A hell beast (Zot:5)
  3 caustic shrike simulacra (IceCv)
  6 great orbs of eyes
  34 vault guards
  11 ice dragons
  2 spriggan air magi (Depths:2)
  4 ghost crabs
  A peacekeeper (Vaults:4)
  3 rakshasas
  An ogre mage (Vaults:5)
  2 merfolk avatars (Swamp:4)
  8 ironbound frosthearts
  4 salamander tyrants (Snake:4)
  2 boulder beetles
  Erica (D:8)
  14 anacondas
  29 dancing weapons
  13 centaur warriors
  4 two-headed ogres
  5 tengu warriors
  14 alligators
  2 deep troll earth magi (Depths:2)
  6 death yaks
  18 naga warriors
  17 hell knights
  23 naga sharpshooters
  4 deep troll shamans
  A satyr (shapeshifter) (Vaults:5)
  2 vampire magi (Depths:3)
  4 orc high priests
  12 shock serpents
  5 spriggan berserkers
  Nergalle (D:12)
  13 deep elf knights
  2 skysharks
  7 iron trolls
  A sea snake (shapeshifter) (Vaults:3)
  59 deep trolls
  A fire crab (Lair:3)
  A sixfirhy (Lair:5)
  4 bunyip zombies (Swamp:2)
  A spectral anaconda (Snake:1)
  4 salamander mystics
  A sea snake (Snake:4)
  6 goliath frogs
  3 spriggan druids
  A deep troll (shapeshifter) (Depths:3)
  9 bog bodies
  2 anaconda zombies (Snake:1)
  A death drake (Swamp:2)
  A glowing orange brain (shapeshifter) (Vaults:5)
  14 deep elf archers
  21 ironbound convokers
  2 flayed ghosts
  3 orange crystal statues
  2 bunyip skeletons (Swamp:2)
  An obsidian statue (Zot:5)
  A shadow demon (D:2)
  A spriggan simulacrum (Swamp:2)
  2 harpies (Vaults:2)
  6 naga ritualists
  8 lindwurms
  25 deep elf pyromancers
  A steelbarb worm (shapeshifter) (Vaults:5)
  A phantasmal warrior (Vaults:2)
  9 wizards
  20 deep elf zephyrmancers
  7 necromancers
  13 swamp dragons
  4 anaconda skeletons (Snake:1)
  3 orc sorcerers (Orc:2)
  8 mana vipers
  8 orc knights
  A wolf spider (shapeshifter) (Vaults:3)
  48 ugly things
  3 will-o-the-wisps
  4 large abominations
  7 cyclopes
  16 moths of wrath
  An elephant (shapeshifter) (D:15)
  5 guardian serpents (Snake:4)
  A moth of wrath (shapeshifter) (Vaults:3)
  33 black mambas
  24 salamanders
  15 elephants
  14 naga magi
  25 vault sentinels
  An ice statue (D:11)
  19 cane toads
  A gargoyle (D:13)
  4 orange demons (Lair:5)
  A smoke demon (Zot:5)
  A torpor snail (Lair:1)
  41 yaktaurs
  7 freezing wraiths
  12 komodo dragons
  2 tengu conjurers
  2 golden dragon simulacra (IceCv)
  A hellion (Zot:3)
  A kobold demonologist (D:12)
  9 rime drakes
  11 anaconda simulacra
  A tormentor (Zot:5)
  2 efreet
  2 red devils (Lair:5)
  6 trolls
  The ghost of fireball365 the Chopper, an amateur HOFi (D:3)
  A hellwing (Lair:5)
  6 polar bears
  A wind drake (shapeshifter) (Vaults:3)
  A tarantella (Vaults:3)
  14 tyrant leeches
  9 hornets
  19 blink frogs
  9 dream sheep
  25 slime creatures
  A jumping spider (shapeshifter) (Depths:4)
  15 water elementals
  13 spriggans
  2 shadows
  2 vampires (D:9)
  A ynoxinul (Depths:3)
  A hog (shapeshifter) (Elf:1)
  6 fire elementals
  A yak (shapeshifter) (Vaults:5)
  41 yaks
  4 fire bats (D:8)
  An air elemental (Elf:3)
  6 wraiths
  2 dire elephant simulacra (IceCv)
  2 redbacks (Vaults:3)
  4 basilisks
  4 steam dragons
  26 vampire mosquitoes
  A redback (shapeshifter) (Vaults:3)
  9 wargs
  36 nagas
  4 hydra simulacra
  An acid dragon (D:13)
  12 swamp worms
  A harpy simulacrum (IceCv)
  5 hell hounds
  7 small abominations
  A floating eye (shapeshifter) (Vaults:3)
  18 water moccasins
  13 swamp drakes
  25 ice beasts
  3 sky beasts
  5 black bears
  32 orc warriors
  A swamp drake (shapeshifter) (Vaults:5)
  An ettin simulacrum (IceCv)
  10 centaurs
  19 wolves
  6 boggarts
  8 ogres
  A swamp dragon skeleton (Swamp:2)
  A phantom (D:5)
  6 kobold brigands
  A gnoll sergeant (D:10)
  A necrophage (Swamp:3)
  Blork the orc (D:5)
  16 bullfrogs
  4 earth elementals
  4 scorpions
  13 wights
  17 killer bees
  13 electric eels
  7 howler monkeys
  2 lava snakes (D:8)
  A jelly (D:6)
  4 hounds
  17 orc priests
  4 iguanas
  2 sleepcaps
  Jessica (D:2)
  Ijyb (D:3)
  Terence (D:2)
  Natasha (thrice) (D:2)
  22 orc wizards
  Robin (D:3)
  8 gnolls
  6 adders
  2 white imps
  2 worms
  A dart slug (D:4)
  82 orcs
  5 ball pythons
  3 bats
  8 endoplasms
  2 giant cockroaches
  5 goblins
  9 hobgoblins
  2 jackals (D:1)
  30 kobolds
  4 quokkas
  4 frilled lizards
  8 rats
2168 creatures vanquished.

Vanquished Creatures (collateral kills)
  3 draconian monks (Zot:4)
  A very ugly thing (D:15)
  2 black draconians
  A red draconian (Zot:3)
  2 hydras
  Urug (Lair:4)
  A shock serpent (Snake:4)
  A glowing orange brain (Vaults:3)
  2 orc sorcerers (Orc:2)
  An ugly thing (D:14)
  A moth of wrath (Zot:4)
  A black mamba (Lair:1)
  A dream sheep (Lair:3)
  2 slime creatures
  A wraith (D:11)
  A naga (Snake:4)
  A warg (Orc:1)
  3 swamp worms
  3 orc warriors (Orc:2)
  2 bullfrogs (D:10)
  3 orc priests
  3 orc wizards (Orc:2)
  An orc (D:10)
  A goblin (D:3)
  A hobgoblin (D:3)
  A jackal (D:1)
41 creatures vanquished.

Vanquished Creatures (others)
  A pandemonium lord (D:11)
  A ghost moth (Zot:2)
  A very ugly thing (IceCv)
  2 alligators
  A deep elf knight (Elf:3)
  A deep elf zephyrmancer (Elf:1)
  A deep elf pyromancer (Elf:3)
  2 bloated husks
  A hornet (Depths:4)
  A spriggan (Depths:4)
  2 vampire mosquitoes (Swamp:1)
  A harpy simulacrum (IceCv)
  2 swamp worms
  A hydra simulacrum (IceCv)
  A scorpion (D:4)
  An adder (D:5)
  An orc (Elf:1)
  3 fire vortices (D:8)
  8 foxfires
32 creatures vanquished.

Grand Total: 2241 creatures vanquished

Notes
Turn   | Place    | Note
-------+----------+-------------------------------------------
     0 | D:1      | LordWeiramon the Demonspawn Artificer began the quest for
                  | the Orb.
     0 | D:1      | Reached XP level 1. HP: 15/15 MP: 1/1
   129 | D:1      | Reached skill level 1 in Polearms
   227 | D:1      | Gained mutation: You have sharp fingernails. [demonic
                  | ancestry]
   227 | D:1      | Reached XP level 2. HP: 19/21 MP: 2/2
   419 | D:1      | Reached skill level 1 in Unarmed Combat
   789 | D:2      | Identified the +10 sling "Adaogog" {heavy, Will+ Dex+2}
   946 | D:2      | Found a faded altar of an unknown god.
   960 | D:2      | Noticed Terence
   960 | D:2      | Noticed Jessica
  1050 | D:2      | Gained mutation: You have very sharp fingernails. [demonic
                  | ancestry]
  1050 | D:2      | Reached XP level 3. HP: 26/26 MP: 3/3
  1147 | D:2      | Killed Jessica
  1148 | D:2      | Gained mutation: A weak demonic guardian rushes to your
                  | aid. [demonic ancestry]
  1148 | D:2      | Reached XP level 4. HP: 32/32 MP: 4/4
  1155 | D:2      | Identified the amulet of the Briny Deep {Reflect rPois
                  | SH+5}
  1378 | D:2      | Killed Terence
  1736 | D:2      | Noticed Natasha
  1921 | D:3      | Noticed Robin
  1944 | D:3      | Killed Robin
  1958 | D:3      | Reached XP level 5. HP: 28/37 MP: 5/5
  2401 | D:3      | Noticed Ijyb
  2414 | D:3      | Killed Ijyb
  2488 | D:3      | Found a runed translucent door.
  2491 | D:3      | Noticed fireball365's ghost (amateur HOFi)
  2942 | D:4      | Found Joangosi's Overcharged Wands.
  2965 | D:4      | Reached skill level 5 in Unarmed Combat
  2965 | D:4      | Reached XP level 6. HP: 24/43 MP: 6/6
  3211 | D:4      | You fall into a shaft and drop 1 floor!
  3211 | D:5      | Entered Level 5 of the Dungeon
  3220 | D:5      | Noticed Blork the orc
  3229 | D:5      | Killed Blork the orc
  3232 | D:5      | Gained mutation: You have claws for hands. [demonic
                  | ancestry]
  3232 | D:5      | Reached XP level 7. HP: 50/50 MP: 7/7
  3529 | D:4      | Reached skill level 1 in Dodging
  3845 | D:5      | Gained mutation: You may rarely emit foul miasma when
                  | damaged in melee. [demonic ancestry]
  3845 | D:5      | Reached XP level 8. HP: 56/56 MP: 8/8
  4966 | D:6      | Reached skill level 5 in Dodging
  5276 | D:6      | Reached skill level 5 in Fighting
  5862 | D:6      | Reached XP level 9. HP: 52/64 MP: 9/9
  6101 | D:7      | Found a snail-covered altar of Cheibriados.
  6370 | D:7      | Found a staircase to the Ecumenical Temple.
  6390 | Temple   | Entered the Ecumenical Temple
  6469 | Temple   | Became a worshipper of Ashenzari the Shackled
  6562 | D:6      | Reached skill level 5 in Armour
  6724 | D:2      | Killed Natasha
  6949 | D:2      | Noticed Natasha
  6952 | D:2      | Killed Natasha
  6979 | D:2      | Noticed Natasha
  6985 | D:2      | Killed Natasha
  7338 | D:7      | Found a hazy altar of Hepliaklqana.
  7720 | D:7      | Found a shadowy altar of Dithmenos.
  7720 | D:7      | Found a sacrificial altar of Ru.
  7724 | D:7      | Found an ancient bone altar of Kikubaaqudgha.
  7725 | D:7      | Found a bloodstained altar of Trog.
  8249 | D:7      | Reached skill level 10 in Unarmed Combat
  8408 | D:8      | Gained mutation: You are partially covered in icy blue
                  | scales. (AC +2) [demonic ancestry]
  8408 | D:8      | Reached XP level 10. HP: 74/74 MP: 10/10
  9574 | D:8      | Noticed Erica
  9588 | D:8      | Killed Erica
 10003 | D:9      | Reached * piety under Ashenzari
 10318 | D:9      | Reached XP level 11. HP: 84/84 MP: 11/11
 10463 | D:9      | Reached ** piety under Ashenzari
 10685 | D:3      | Killed fireball365's ghost
 10867 | D:10     | Entered Level 10 of the Dungeon
 11548 | D:10     | Noticed a two-headed ogre
 11555 | D:10     | Noticed a two-headed ogre
 11559 | D:10     | Killed a two-headed ogre
 11751 | D:10     | Noticed a two-headed ogre
 11766 | D:10     | Killed a two-headed ogre
 11767 | D:10     | Reached skill level 5 in Evocations
 11903 | D:10     | Killed a two-headed ogre
 12164 | D:10     | Found a staircase to the Lair.
 12374 | D:10     | Reached *** piety under Ashenzari
 12678 | D:11     | Found a staircase to the Orcish Mines.
 12901 | D:11     | Reached skill level 5 in Shields
 13273 | D:11     | Gained mutation: A demonic guardian rushes to your aid.
                  | [demonic ancestry]
 13273 | D:11     | Reached XP level 12. HP: 91/91 MP: 12/12
 13386 | D:11     | Found a portal to a secret trove of treasure.
 13400 | D:11     | You paid a toll of 4 potions of resistance to enter a
                  | treasure trove
 13401 | Trove    | Entered a treasure trove
 13401 | Trove    | Identified the +1 kite shield of Oblivion {rC+ Int+2}
 13401 | Trove    | Identified the +10 halberd of Fate {freeze, rElec Str-5
                  | Dex+5}
 13404 | Trove    | Found the +7 Spriggan's Knife {stab, EV+4 Stlth+}
 13587 | Lair:1   | Entered Level 1 of the Lair of Beasts
 14098 | Lair:1   | Reached **** piety under Ashenzari
 14620 | Lair:1   | Reached skill level 10 in Shields
 15080 | Lair:2   | Found a staircase to the Snake Pit.
 15943 | Lair:3   | Noticed an eight-headed hydra
 16094 | Lair:3   | Noticed a six-headed hydra
 16123 | Lair:3   | Killed a six-headed hydra
 16124 | Lair:3   | Reached XP level 13. HP: 96/96 MP: 13/13
 16166 | Lair:3   | Identified the cursed +0 cloak of the Cryptic Augurer {Cun,
                  | Range} (You found it on level 10 of the Dungeon)
 16166 | Lair:3   | Identified the cursed +1 helmet of Ashenzari's Pantheism
                  | {Evo, Range} (You found it on level 2 of the Dungeon)
 16166 | Lair:3   | Identified the cursed +1 chain mail of Supernal Knowledge
                  | {rC+, Elem, Comp} (You took it off an orc on level 6 of the
                  | Dungeon)
 16327 | Lair:3   | Found a staircase to the Swamp.
 17394 | Lair:3   | Identified the +6 scale mail of Lilacs {rPois Int+4}
 17416 | Lair:3   | Reached ***** piety under Ashenzari
 17622 | Lair:3   | Identified the ring "Qajur" {Fly rF+ Int+6 Dex+3}
 18372 | Lair:4   | Gained mutation: Your hexes are more powerful. [demonic
                  | ancestry]
 18372 | Lair:4   | Reached XP level 14. HP: 99/108 MP: 14/14
 18472 | Lair:4   | Noticed Urug
 18476 | Lair:4   | Killed Urug
 18490 | Lair:4   | Identified the +4 falchion "Qejit" {heavy, Dex+7}
 19233 | Lair:5   | Entered Level 5 of the Lair of Beasts
 19518 | Lair:5   | Found a staircase to the Slime Pits.
 19518 | Lair:5   | Found a viscous altar of Jiyva.
 19664 | Lair:5   | Reached skill level 15 in Unarmed Combat
 20466 | Lair:5   | Found a burning altar of Makhleb.
 20471 | Lair:5   | Found a gateway to Hell.
 20471 | Lair:5   | Identified Ereshkigal's Discourse on Twisted Blows
 21332 | D:12     | Noticed Nergalle
 21340 | D:12     | Killed Nergalle
 21486 | D:12     | Reached skill level 10 in Armour
 22454 | D:13     | Found a gate to the Vaults.
 22468 | D:13     | Gained mutation: Your melee attacks may debilitate your
                  | foes. [demonic ancestry]
 22468 | D:13     | Reached XP level 15. HP: 109/115 MP: 15/15
 23311 | D:14     | Reached skill level 10 in Dodging
 23463 | D:15     | Entered Level 15 of the Dungeon
 23516 | D:15     | Found a gate leading to a gauntlet.
 23525 | Gauntlet | Entered a Gauntlet
 23525 | Gauntlet | Found a transporter.
 23525 | Gauntlet | Found a transporter.
 23525 | Gauntlet | Found a transporter.
 23530 | Gauntlet | Found a transporter.
 23536 | Gauntlet | Found a transporter.
 23544 | Gauntlet | Found a transporter.
 23544 | Gauntlet | Identified the +2 helmet "Suuklauj" {Rampage rPois Int+4}
 23609 | Gauntlet | Found a transporter.
 23623 | Gauntlet | Found a transporter.
 23623 | Gauntlet | Identified the +7 dagger of the Dragonfly {speed, rElec
                  | rCorr Dex+2}
 23638 | Gauntlet | Found a transporter.
 23657 | Gauntlet | Found a transporter.
 23667 | Gauntlet | Found a transporter.
 23675 | Gauntlet | Found a transporter.
 23977 | Gauntlet | Identified the Book of Coordinates and Arcane Weapons
 23977 | Gauntlet | Identified the +6 war axe of Uncertain Death {freeze, rC++
                  | Int+3}
 23980 | Gauntlet | Identified the +1 pair of gloves of Wrong Decisions {rF+
                  | rCorr Dex+3}
 24490 | D:15     | Found a stormy altar of Qazlal.
 24648 | D:15     | Identified the +9 shortbow "Zapt" {speed, rN+ Will+ rCorr}
 25134 | D:15     | Found a staircase to the Depths.
 25795 | D:11     | Reached skill level 10 in Fighting
 25910 | D:11     | Noticed a frost giant
 25921 | D:11     | Killed a frost giant
 26076 | Orc:1    | Entered Level 1 of the Orcish Mines
 26290 | Orc:1    | Reached skill level 1 in Throwing
 26567 | Orc:1    | Noticed Josephine
 26605 | Orc:1    | Killed Josephine
 26823 | Orc:2    | Entered Level 2 of the Orcish Mines
 26834 | Orc:2    | Found an iron altar of Okawaru.
 27041 | Orc:2    | Found a staircase to the Elven Halls.
 27083 | Orc:2    | Learned a level 7 spell: Enfeeble
 27250 | Orc:2    | Gained mutation: You have hidden genetic defects. [a
                  | neqoxec]
 27344 | Orc:2    | Found Itwozoz's Assorted Antiques.
 27344 | Orc:2    | Found Uloppyar's Jewellery Shoppe.
 27383 | Orc:2    | Found Banu's Book Shop.
 27383 | Orc:2    | Found Ucviud's Assorted Antiques.
 27628 | Orc:2    | Bought a jewelled scale mail for 243 gold pieces
 27628 | Orc:2    | Identified the +3 scale mail of the Butterfly {+Blink rPois
                  | rF+} (You bought it in a shop on level 2 of the Orcish
                  | Mines)
 27629 | Orc:2    | Bought a scroll of silence for 256 gold pieces
 27629 | Orc:2    | Bought a scroll of teleportation for 81 gold pieces
 27629 | Orc:2    | Bought a potion of flight for 81 gold pieces
 27639 | Orc:2    | Bought a scroll of teleportation for 111 gold pieces
 27639 | Orc:2    | Bought a wand of flame (9) for 233 gold pieces
 27842 | Swamp:1  | Entered Level 1 of the Swamp
 28068 | Swamp:1  | Gained mutation: You are mostly covered in icy blue scales.
                  | (AC +3) [demonic ancestry]
 28068 | Swamp:1  | Reached XP level 16. HP: 127/131 MP: 18/18
 28183 | Swamp:1  | Gained mutation: You are clumsy. (Dex -2) [hidden defects]
 28184 | Swamp:1  | Lost mutation: You have hidden genetic defects. [potion of
                  | mutation]
 28184 | Swamp:1  | Lost mutation: You are clumsy. (Dex -2) [potion of
                  | mutation]
 28184 | Swamp:1  | Gained mutation: You have sharp toenails. [potion of
                  | mutation]
 29005 | Swamp:2  | Identified the Catalogue of Death
 29042 | Swamp:2  | Found an ancient bone altar of Kikubaaqudgha.
 29559 | Swamp:2  | Identified the +0 leather armour of Lilacs {rC- Will+
                  | Str+4}
 29872 | Swamp:3  | Found a transporter.
 29872 | Swamp:3  | Identified the ring "Giograeri" {rN+ Dex+6}
 29872 | Swamp:3  | Identified the +2 helmet "Duimidav" {rC+ MP+9}
 30054 | Swamp:3  | Reached skill level 15 in Fighting
 30159 | Swamp:3  | Found a transporter.
 30585 | Swamp:3  | Noticed Roxanne
 30699 | Swamp:3  | Killed Roxanne
 30893 | Swamp:4  | Entered Level 4 of the Swamp
 31244 | Swamp:4  | Found a frozen archway.
 31265 | Swamp:4  | Noticed Louise
 31296 | Swamp:4  | Killed Louise
 31318 | IceCv    | Entered an ice cave
 31329 | IceCv    | Gained mutation: You sometimes emit foul miasma when
                  | damaged in melee. [demonic ancestry]
 31329 | IceCv    | Reached XP level 17. HP: 149/149 MP: 19/19
 31688 | IceCv    | Identified Atrilass's Handbook of the Fault and Cryomancy
 31769 | Swamp:4  | Identified the +7 great sword of the Morning {heavy, Fly
                  | Will+}
 32740 | Swamp:4  | Got a decaying rune of Zot
 33120 | Snake:1  | Entered Level 1 of the Snake Pit
 33300 | Snake:1  | Found Topp's Book Boutique.
 33300 | Snake:1  | Found Byqoir's Jewellery Shoppe.
 33301 | Snake:1  | Found Qagenorru's Jewellery Shoppe.
 33310 | Snake:1  | Bought the ring "Tein" {rCorr Str+6 Dex+5 Stlth+} for 740
                  | gold pieces
 34343 | Snake:2  | Reached skill level 15 in Dodging
 34651 | Snake:2  | Gained mutation: You frequently emit foul miasma when
                  | damaged in melee. [demonic ancestry]
 34651 | Snake:2  | Reached XP level 18. HP: 156/156 MP: 20/20
 36050 | Snake:4  | Entered Level 4 of the Snake Pit
 38487 | Snake:4  | Got a serpentine rune of Zot
 38777 | Vaults:1 | Entered Level 1 of the Vaults
 38983 | Vaults:1 | Reached XP level 19. HP: 162/163 MP: 21/21
 38998 | Vaults:1 | Found Biwes's Antique Weapon Shop.
 39038 | Vaults:1 | Noticed Donald
 39050 | Vaults:1 | Killed Donald
 39537 | Vaults:1 | Noticed Saint Roka
 40231 | Vaults:1 | Identified the +0 pair of gloves "Eqoith" {rN+ Str+2}
 40231 | Vaults:1 | Noticed Nikola
 40245 | Vaults:1 | Killed Nikola
 40551 | Vaults:1 | Killed Saint Roka
 40912 | Vaults:2 | Found Xutalall's Antique Weapon Shoppe.
 42539 | Vaults:3 | Gained mutation: You are surrounded by an aura of silence.
                  | [demonic ancestry]
 42539 | Vaults:3 | Reached XP level 20. HP: 150/170 MP: 22/22
 42874 | Vaults:3 | Found a staircase to the Crypt.
 42874 | Vaults:3 | Found an ancient bone altar of Kikubaaqudgha.
 42875 | Vaults:3 | Found a basalt altar of Yredelemnul.
 44965 | Vaults:4 | Reached XP level 21. HP: 177/177 MP: 23/23
 45337 | Elf:1    | Entered Level 1 of the Elven Halls
 45986 | Elf:1    | Found Doun's Assorted Antiques.
 45992 | Elf:1    | Bought a potion of haste for 360 gold pieces
 45992 | Elf:1    | Bought a potion of haste for 360 gold pieces
 45992 | Elf:1    | Bought a potion of flight for 108 gold pieces
 46237 | Elf:1    | Found a runed translucent gate.
 46237 | Elf:1    | Found a runed translucent gate.
 46237 | Elf:1    | Found a runed translucent gate.
 46237 | Elf:1    | Found a runed translucent gate.
 46237 | Elf:1    | Found a runed translucent gate.
 46238 | Elf:1    | Found a runed translucent gate.
 46559 | Elf:2    | Found a flickering gateway to a bazaar.
 46618 | Bazaar   | Entered a bazaar
 46618 | Bazaar   | Found Dophocs's Book Shoppe.
 46672 | Bazaar   | Found Oturanusch's Assorted Antiques.
 46698 | Bazaar   | Found Denom's Jewellery Boutique.
 46703 | Bazaar   | Found Yfael's Assorted Antiques.
 46726 | Bazaar   | Bought a potion of invisibility for 160 gold pieces
 46726 | Bazaar   | Bought a scroll of magic mapping for 150 gold pieces
 46726 | Bazaar   | Bought a potion of mutation for 160 gold pieces
 46743 | Bazaar   | Bought a wand of flame (3) for 56 gold pieces
 46879 | Orc:2    | Bought 2 potions of mutation for 592 gold pieces
 47751 | Elf:2    | Found a runed translucent gate.
 47751 | Elf:2    | Found a runed translucent gate.
 47751 | Elf:2    | Found a runed translucent gate.
 48633 | Elf:3    | Entered Level 3 of the Elven Halls
 48709 | Elf:3    | Identified a scroll of acquirement
 48729 | Elf:3    | Acquired a manual of Shields
 49424 | Elf:3    | Reached skill level 15 in Shields
 49650 | Elf:3    | Paralysed by an air elemental for 1 turns
 49654 | Elf:3    | Paralysed by an air elemental for 1 turns
 49761 | Elf:3    | Identified the +5 scale mail of Marbles {Dex+3}
 49836 | Elf:3    | Identified the +6 broad axe of Midnight {venom, Fly}
 49849 | Elf:3    | Identified the +8 rapier "Undertaker" {venom, rF+ Dex+2}
 49857 | Elf:3    | Identified the +2 scale mail of Xiurhose {Will+ Dex+2}
 49859 | Elf:3    | Identified the ring of Ceajocw {MP+9 Dex+4}
 49861 | Elf:3    | Reached XP level 22. HP: 154/184 MP: 24/24
 49862 | Elf:3    | Identified the +7 glaive "Zenariu" {heavy, rC+ rN++}
 49950 | Elf:3    | Identified the staff of fire "Athiur" {*Corrode rElec rF+
                  | Int+3 Stlth+}
 49960 | Elf:3    | Identified the Spellbook of Hindering Composition
 49960 | Elf:3    | Identified the +0 pair of boots "Aquicar" {Rampage +Inv
                  | rN+}
 49960 | Elf:3    | Identified the Parchment of Solid Hurting
 49960 | Elf:3    | Identified the staff of conjuration "Gaalut" {rC+ rN+
                  | Str-5}
 49961 | Elf:3    | Identified the +2 trident "Hidueryc" {heavy, rN+}
 50218 | Depths:1 | Entered Level 1 of the Depths
 50243 | Depths:1 | Identified the +11 long sword "Iran" {antimagic, *Noise
                  | Will+++ Dex+3}
 50246 | Depths:1 | Found a one-way gate to the infinite horrors of the Abyss.
 50378 | Depths:1 | Found a one-way gateway to a ziggurat.
 50854 | Depths:1 | Found Cusuir's Distillery.
 50857 | Depths:1 | Found Ykienwau's Magic Scroll Emporium.
 50859 | Depths:1 | Found Aprevanu's Antique Weapon Shoppe.
 50863 | Depths:1 | Bought a potion of curing for 39 gold pieces
 50863 | Depths:1 | Bought a potion of might for 52 gold pieces
 50863 | Depths:1 | Bought a potion of might for 52 gold pieces
 50863 | Depths:1 | Bought a potion of curing for 39 gold pieces
 50863 | Depths:1 | Bought 2 potions of haste for 260 gold pieces
 50863 | Depths:1 | Bought a potion of heal wounds for 65 gold pieces
 50863 | Depths:1 | Bought 2 potions of mutation for 208 gold pieces
 50865 | Depths:1 | Bought a scroll of fear for 88 gold pieces
 50865 | Depths:1 | Bought a scroll of fog for 88 gold pieces
 51499 | Depths:2 | Noticed Vv
 51544 | Depths:2 | Killed Vv
 51715 | Depths:2 | Noticed Aizul
 51735 | Depths:2 | Killed Aizul
 51895 | Depths:2 | Noticed Asterion
 51902 | Depths:2 | Killed Asterion
 52611 | Depths:2 | Found a shimmering blue altar of Sif Muna.
 52859 | Depths:2 | Found a one-way gate leading to the halls of Pandemonium.
 53559 | Depths:3 | Identified the ring of Daypuij {Fire Will++ Int+2}
 54010 | Depths:1 | Bought a scroll of enchant armour for 165 gold pieces
 54476 | Depths:3 | Noticed a dread lich
 54477 | Depths:3 | Identified the +11 arbalest of Zemn {drain, Str+2}
 54484 | Depths:3 | Killed a dread lich
 54621 | Depths:4 | Entered Level 4 of the Depths
 54642 | Depths:3 | Gained mutation: You are completely covered in icy blue
                  | scales. (AC +4, rC+) [demonic ancestry]
 54642 | Depths:3 | Reached XP level 23. HP: 171/200 MP: 25/25
 55286 | Depths:4 | Found a gate to the Realm of Zot.
 55838 | Vaults:5 | Entered Level 5 of the Vaults
 55845 | Vaults:5 | Noticed an ancient lich
 55874 | Vaults:5 | Killed an ancient lich
 56133 | Vaults:5 | Identified the staff of death "Woyki" {rN+ Dex+3}
 56134 | Vaults:5 | Identified the Teachings on Metallic Hail
 56165 | Vaults:5 | Identified the Precepts of the Fjord and the Black Widow
 56222 | Vaults:5 | Found the amulet of Vitality {RegenMP++ Regen++}
 56222 | Vaults:5 | Identified the +10 spear "Gouwk" {antimagic, Str+3 Dex+2}
 56659 | Vaults:5 | Noticed a dread lich
 56810 | Vaults:5 | Identified the +5 scale mail "Deosh" {rF+}
 56879 | Vaults:5 | Killed a dread lich
 56880 | Vaults:5 | Reached XP level 24. HP: 219/219 MP: 25/25
 56980 | Vaults:5 | Identified the +3 flail of Ashenzari, Singing {elec,
                  | Stlth+}
 57275 | Vaults:5 | Identified the +0 robe "Ohipo" {Contam rF+ Will+ Stlth+}
 57410 | Vaults:5 | Got a silver rune of Zot
 57895 | Zot:1    | Entered Level 1 of the Realm of Zot
 57983 | Zot:1    | Found a transporter.
 57983 | Zot:1    | Noticed Atisk's ghost (master MfBe)
 57984 | Zot:1    | Found a transporter.
 57984 | Zot:1    | Noticed a dread lich
 57984 | Zot:1    | Noticed a dread lich
 58069 | Zot:1    | Identified Zyweruw's Guide on the Wind
 58070 | Zot:1    | Identified the +1 barding of Lugonu's Benevolence {*Slow
                  | Int+2 SInv}
 58070 | Zot:1    | Identified the amulet of Uloech {Acrobat Fly MP+9}
 58338 | Zot:1    | Noticed Grunn
 58342 | Zot:1    | Noticed an orb of fire
 58354 | Zot:1    | Killed an orb of fire
 58381 | Zot:1    | Killed Grunn
 58686 | Zot:1    | Found the +4 dragonskin cloak
 58686 | Zot:1    | Noticed Tiamat
 58721 | Zot:1    | Killed Tiamat
 60311 | Zot:2    | Noticed a shard shrike
 60328 | Zot:2    | Killed a shard shrike
 60667 | Zot:2    | Noticed a Killer Klown
 60673 | Zot:2    | Killed a Killer Klown
 61729 | Zot:3    | Reached XP level 25. HP: 234/234 MP: 25/25
 62188 | Zot:3    | Noticed a Killer Klown
 62209 | Zot:3    | Killed a Killer Klown
 62403 | Zot:4    | Found Oreataf's Changing Room.
 62419 | Zot:4    | Bought a potion of mutation for 128 gold pieces
 63632 | Zot:4    | Reached skill level 15 in Armour
 64068 | Zot:4    | Noticed an orb of fire
 64079 | Zot:4    | Killed an orb of fire
 64173 | Zot:4    | Identified the +7 sling of Kugesia {elec, Dex+4}
 64220 | Zot:4    | Identified the +2 broad axe "Kucatu" {pain, rCorr Stlth+}
 64595 | Zot:4    | Identified the +0 chain mail "Onoyg" {rElec rF- Str+9
                  | Int-5}
 64637 | Zot:5    | Entered Level 5 of the Realm of Zot
 65153 | Zot:5    | Noticed an orb of fire
 65165 | Zot:5    | Killed an orb of fire
 65167 | Zot:5    | Noticed an orb of fire
 65179 | Zot:5    | Gained mutation: You are occasionally teleported next to
                  | monsters. [an orb of fire]
 65184 | Zot:5    | Killed an orb of fire
 65185 | Zot:5    | Noticed an orb of fire
 65190 | Zot:5    | Killed an orb of fire
 65191 | Zot:5    | Noticed an orb of fire
 65200 | Zot:5    | Killed an orb of fire
 65202 | Zot:5    | Noticed an orb of fire
 65218 | Zot:5    | Killed an orb of fire
 65219 | Zot:5    | Reached XP level 26. HP: 200/242 MP: 25/25
 65219 | Zot:5    | Lost mutation: You have sharp toenails. [potion of
                  | mutation]
 65219 | Zot:5    | Lost mutation: You are occasionally teleported next to
                  | monsters. [potion of mutation]
 65219 | Zot:5    | Gained mutation: Armour fits poorly on your strangely
                  | shaped body. [potion of mutation]
 65283 | Zot:5    | Noticed an orb of fire
 65288 | Zot:5    | Gained mutation: Your spells are a little harder to cast,
                  | but a little more powerful. [an orb of fire]
 65297 | Zot:5    | Killed an orb of fire
 65310 | Zot:5    | Noticed an orb of fire
 65314 | Zot:5    | Killed an orb of fire
 65316 | Zot:5    | Noticed an ancient lich
 65322 | Zot:5    | Noticed an orb of fire
 65329 | Zot:5    | Killed an orb of fire
 65348 | Zot:5    | Killed an ancient lich
 65910 | Zot:5    | Noticed an orb of fire
 65915 | Zot:5    | Gained mutation: You are clumsy. (Dex -2) [an orb of fire]
 65927 | Zot:5    | Killed an orb of fire
 66260 | Zot:5    | Lost mutation: Your spells are a little harder to cast, but
                  | a little more powerful. [potion of mutation]
 66260 | Zot:5    | Lost mutation: You are clumsy. (Dex -2) [potion of
                  | mutation]
 66260 | Zot:5    | Lost mutation: Armour fits poorly on your strangely shaped
                  | body. [potion of mutation]
 66260 | Zot:5    | Gained mutation: You are agile. (Dex +4, Str/Int -1)
                  | [potion of mutation]
 66260 | Zot:5    | Lost mutation: You are agile. (Dex +4, Str/Int -1) [potion
                  | of mutation]
 66260 | Zot:5    | Gained mutation: Armour fits poorly on your strangely
                  | shaped body. [potion of mutation]
 66260 | Zot:5    | Gained mutation: Your system is resistant to poisons.
                  | (rPois) [potion of mutation]
 66261 | Zot:5    | Lost mutation: Armour fits poorly on your strangely shaped
                  | body. [potion of mutation]
 66261 | Zot:5    | Lost mutation: Your system is resistant to poisons. (rPois)
                  | [potion of mutation]
 66261 | Zot:5    | Gained mutation: Your system is resistant to poisons.
                  | (rPois) [potion of mutation]
 66261 | Zot:5    | Gained mutation: Your spells are a little harder to cast,
                  | but a little more powerful. [potion of mutation]
 66322 | Zot:5    | Got the Orb of Zot
 66537 | Depths:3 | Gained mutation: Your magical capacity is low. (-10% MP) [a
                  | neqoxec]
 66641 | D:11     | Noticed Ferhietema the pandemonium lord
 66648 | D:11     | Killed Ferhietema the pandemonium lord
 66834 | D:$      | Escaped with the Orb!

Illustrated notes

Levels and vault maps discovered:
D:1:      minmay_arrival_wavy_path, layout_basic
D:2:      layout_basic, chequers_ecumenical_altar_simple_redux, uniq_terence,
          uniq_natasha, uniq_jessica
D:3:      layout_basic, gammafunk_ghost_grave, uniq_robin, uniq_ijyb
D:4:      layout_cave_pools, nicolae_shop_overcharged_wands
D:5:      layout_loops_ring, kennysheep_small_square, uniq_blork_the_orc
D:6:      layout_basic
D:7:      layout_loops_ring, amcnicky_altar_gilded, mainiacjoe_overflow_catwalk,
          minitemple, minmay_temple_entry_hall, kennysheep_big_empty_room
D:8:      layout_cave_pools, kennysheep_nub, hangedman_incinerator, uniq_erica
D:9:      layout_rooms, chequers_serial_rivers_micro_c, minmay_fountain_box
D:10:     layout_irregular_city, due_lair_maze_entry_diamond
D:11:     minmay_twisted_water, layout_loops_ring, enter_trove_0
D:12:     layout_loops_ring, uniq_nergalle
D:13:     layout_loops_ring, david_vaults_1
D:14:     layout_roguey, minmay_misc_feat_cross
D:15:     gammafunk_enter_depths_forms, layout_irregular_city, serial_bayou,
          serial_bayou_lake_a, serial_bayou_pond_c, serial_bayou_ford_a,
          serial_bayou_shore_a, serial_bayou_lagoon_a, gauntlet_entry_generic,
          nicolae_qazlal_style_of_elements, kennysheep_flooded_box
Temple:   eino_wide_crystal_templ
Lair:1:   layout_cave_pods, grunt_megastairs_5
Lair:2:   kb_forest_paths, layout_regular_city, dummy_snake_entry
Lair:3:   nzn_winding_woodlands_huge [nzn_winding_woodlands_5x15_jagged,
          nzn_winding_woodlands_5x15_garden,
          nzn_winding_woodlands_5x15_split_checker,
          nzn_winding_woodlands_5x15_cabin,
          nzn_winding_woodlands_5x15_sidewinder,
          nzn_winding_woodlands_5x15_default,
          nzn_winding_woodlands_5x15_pockets,
          nzn_winding_woodlands_5x15_longhouse,
          nzn_winding_woodlands_5x15_lazy_stream,
          nzn_winding_woodlands_5x15_twine, nzn_winding_woodlands_center_garden,
          nzn_winding_woodlands_center_triple_pond,
          nzn_winding_woodlands_15x15_thick_spiral], layout_misc_corridors,
          swamp_mist_pool, beast_lair_carwin_5
Lair:4:   hellmonk_ruined_rings, layout_small_grid, serial_rivers,
          chequers_serial_rivers_small_b, chequers_serial_rivers_micro_b,
          chequers_serial_rivers_small_a, chequers_serial_rivers_room_a,
          uniq_urug
Lair:5:   evil_forest, layout_concentric_octagons, slime_entry_1, st_stairs_4,
          minivault_24
Swamp:1:  layout_falls_marsh, hangedman_swamp_ruin_wall
Swamp:2:  layout_basic_swamp, evilmike_swamp_ruin_house_6, swamp_pool5,
          beargit_kiku_chapel, infiniplex_staircase_pool
Swamp:3:  gammafunk_worm_tunnel, layout_falls_marsh,
          nicolae_swamp_trees_clearing, infiniplex_staircase_pool_2,
          uniq_roxanne
Swamp:4:  swamp_basic_johnstein, layout_basic_swamp,
          portal_ice_cave_entry_pillars_four, swamp_pool2,
          grunt_lady_of_the_lake, uniq_louise
Snake:1:  layout_rooms, nicolae_snake_dead_anacondas, minmay_shop_grove
Snake:2:  layout_misc_corridors, grunt_ministairs_7, lemuel_fruit_tree,
          grunt_megastairs_2
Snake:3:  layout_cave_town
Snake:4:  grunt_snake_rune_pools, layout_misc_corridors, st_stairs_6,
          nicolae_snake_shapes
Orc:1:    layout_caves, nooodl_orcs_dogs, uniq_josephine
Orc:2:    st_orc_elflike, layout_diamond_mine, okawaru_metal_pillars_1_2
Elf:1:    eino_elf_arrival_sip, layout_gridlike, serial_shops, shop,
          orc_legates, evilmike_ambush [evilmike_ambush_outer_basic,
          evilmike_ambush_inner_basic]
Elf:2:    elven_hall_of_blades_hangedman_original
          [nicolae_blade_entry_pointy_end], layout_rooms, serial_shops,
          bzr_entry_customers
Elf:3:    minmay_elf_hall_statues, layout_rooms, wad_floor_pattern_2,
          minivault_14
Vaults:1: nicolae_vaults_swerve, nicolae_vaults_more_shelving_1,
          nicolae_vaults_little_squares_6, nicolae_vaults_house_1, v_misc_8,
          ontoclasm_vaults_chip, layout_vaults_omnigrid, serial_shops,
          nicolae_shop_hallway_plus, uniq_saint_roka, uniq_nikola, uniq_donald
Vaults:2: nicolae_vaults_storage_room_statues, v_misc_18, grunt_vaults_funnel,
          nicolae_vaults_closet_pinwheel_4, nicolae_vaults_storage_closets_2,
          vaults_room_boxed, nicolae_vaults_trapezoid_3,
          nicolae_vaults_circle_grid_b, vaults_dpeg_spiral, vaults_room_pools,
          dpeg_vaults_monster_row, nicolae_vaults_tetromino_T_2,
          layout_vaults_maze, serial_shops, shop
Vaults:3: nicolae_vaults_loss_of_containment, nicolae_vaults_closet_pinwheel_6,
          vaults_room_stairs_pillars, minmay_crypt_entry_necro_gods,
          ontoclasm_vaults_ring_small, v_misc_13, v_misc_9,
          hangedman_vaults_hat, ontoclasm_vaults_ring_large,
          nicolae_vaults_shelves_hall, vaults_mumra_lcd, layout_vaults_ring
Vaults:4: v_misc_9, nicolae_vaults_tetromino_Z_1, hangedman_vaults_maws,
          nicolae_vaults_cornered_office, serial_ice_h, v_pattern_1,
          nicolae_vaults_shipping_containers_1, vaults_mumra_hex, v_misc_5,
          nicolae_vaults_house_1, layout_vaults_omnicross
Vaults:5: serial_shops
Depths:1: layout_gridlike, enter_ziggurat_e, abyss_entry,
          chequers_serial_rivers_micro_a, pf_hell_entry_tar_spiral,
          minmay_shop_star
Depths:2: minmay_crystal_thing, layout_gridlike, hell_entry, dk_noncrumbling_2,
          pan_entry, uniq_vv, uniq_asterion, uniq_aizul
Depths:3: cross_vault, layout_gridville, nicolae_abyss_entry_one_way_or_another,
          hell_entry, minmay_misc_feat_hallway, infiniplex_staircase_x
Depths:4: grunt_zot_entry_pinwheel, layout_cave_shapes, nicolae_lava_and_water,
          hell_entry
Zot:1:    layout_basic, gammafunk_ghost_mausoleum, uniq_grunn, uniq_tiamat
Zot:2:    layout_onion_interference, hangedman_elemental_grid_stream
Zot:3:    layout_cellular_growth
Zot:4:    minmay_elemental_castle, layout_basic, nicolae_transmutations_shop
Zot:5:    layout_misc_corridors, st_stairs_3

Skill      XL: |  1  2  3  4  5  6  7  8  9 10 11 12 13 14 15 16 17 18 19 20 21 22 23 24 25 26 |
---------------+-------------------------------------------------------------------------------+-----
Polearms       | 1 |  1.3
Unarmed Combat | 1 3 5 6 7 8 10 11 13 15 18 21 23 25 | 25.2
Fighting       | 2 5 7 11 16 19 23 25 | 25.2
Dodging        | 3 5 7 8 10 15 16 | 16.4
Armour         | 5 7 10 12 18 20 | 20.0
Evocations     | 5 6 9 |  9.0
Shields        | 6 14 16 18 | 18.5
Throwing       | 3 |  3.2
Stealth        | |  0.8
Spellcasting   | |  0.7
Hexes          | |  0.8

Action                     |  1- 3 |  4- 6 |  7- 9 | 10-12 | 13-15 | 16-18 | 19-21 | 22-24 | 25-27 || total
---------------------------+-------+-------+-------+-------+-------+-------+-------+-------+-------++-------
  Melee: Trident           |    40 |       |       |       |       |       |       |       |       ||    40
         Club              |     7 |       |       |       |       |       |       |       |       ||     7
         Punch             |     1 |       |    11 |    19 |       |       |       |       |       ||    31
         Unarmed           |    36 |   122 |   339 |   795 |  1309 |  1537 |  1598 |  1772 |   780 ||  8288
         Kick              |       |       |       |       |       |   692 |   727 |   111 |       ||  1530
  Throw: Dart              |       |       |     5 |     9 |     1 |     3 |     2 |       |       ||    20
         Throwing net      |       |       |       |       |       |       |       |     1 |       ||     1
 Invoke: Curse Item        |       |       |     1 |     5 |     5 |     4 |       |     1 |       ||    16
         Shatter the Chain |       |       |       |       |     5 |     3 |       |       |       ||     8
  Evoke: Wand              |    13 |    23 |     7 |    10 |    14 |    73 |     5 |     2 |     2 ||   149
         Lightning rod     |       |       |       |       |    20 |    10 |       |       |       ||    30
         Phantom mirror    |       |       |       |       |     3 |     1 |       |       |       ||     4
         Condenser vane    |       |       |       |       |     1 |     2 |     1 |     2 |       ||     6
         Phial of floods   |       |       |       |       |       |       |     2 |       |       ||     2
    Use: Scroll            |     2 |       |     3 |     2 |     3 |    14 |     4 |     5 |     3 ||    36
         Potion            |       |       |     2 |     2 |     1 |     3 |     1 |     8 |    16 ||    33
   Stab: Sleeping          |     1 |       |       |       |       |     6 |     8 |     6 |       ||    21
         Distracted        |       |       |     1 |       |     1 |     4 |     7 |     6 |     4 ||    23
         Confused          |       |       |       |       |       |     1 |       |       |       ||     1
         Held in net/web   |       |       |       |       |       |       |       |     4 |       ||     4
         Invisible         |       |       |       |       |       |       |       |       |    17 ||    17
 Armour: Leather armour    |    22 |    12 |    29 |       |       |       |       |       |       ||    63
         Chain mail        |       |       |    64 |   247 |   110 |       |       |       |       ||   421
         Skin              |       |       |       |     6 |       |       |       |       |       ||     6
         Scale mail        |       |       |       |       |    98 |    75 |       |       |       ||   173
         Fire dragon scale |       |       |       |       |       |   222 |   155 |   287 |   120 ||   784
  Dodge: Dodged            |    39 |    36 |    91 |   229 |   253 |   618 |   510 |   620 |   271 ||  2667
  Block: Other             |       |    20 |    55 |    68 |       |       |       |       |       ||   143
         Reflection        |       |     1 |     3 |     2 |    25 |   108 |   111 |    32 |     6 ||   288
         Kite shield       |       |       |       |   296 |   870 |  1269 |  1056 |  1148 |   480 ||  5119
